 Dungeon Crawl Stone Soup version 0.29.0-4-gdea44cf6ec (webtiles) character file.

Game seed: 15301105049344106808

69 qw the Chopper (level 4, -4/26 HPs)
             Began as a Tengu Warper on Aug 28, 2022.
             Slain by Natasha (5 damage)
             ... on level 2 of the Dungeon.
             The game lasted 00:00:06 (1574 turns).

qw the Chopper (Tengu Warper)                       Turns: 1574, Time: 00:00:07

Health: -4/26      AC: 11    Str: 13    XL:     4   Next: 20%
Magic:  8/8        EV:  4    Int: 14    God:
Gold:   69         SH:  0    Dex: 13    Spells: 7/7 levels left

rFire   . . .      SeeInvis .   Y - +0 hand axe
rCold   . . .      Faith    .   (no shield)
rNeg    . . .      Spirit   .   h - +0 plate armour
rPois   .          Reflect  .   (helmet restricted)
rElec   .          Harm     .   (no cloak)
rCorr   .          Rampage  .   (no gloves)
Will    .....                   (boots unavailable)
Stlth   ..........              (no amulet)
HPRegen 0.08/turn               (no ring)
MPRegen 0.11/turn               (no ring)

@: slowed, very slow
A: beak, talons 3
a: no special abilities


You were on level 2 of the Dungeon.
You visited 1 branch of the dungeon, and saw 2 of its levels.

You collected 69 gold pieces.


Innate Abilities, Weirdness & Mutations

You have a beak for a mouth.
You have claws for feet.


   Skills:
 - Level 2.0 Fighting
 + Level 4.0 Axes
 - Level 1.0 Throwing
 - Level 2.7 Armour
 - Level 2.1 Dodging
 - Level 2.0 Spellcasting
 - Level 2.4 Translocations


You had 7 spell levels left.
You didn't know any spells.
Your spell library contained the following spells:

 Spells                   Type           Power      Damage    Failure   Level
 Blink                    Tloc           16%        N/A       100%        2
 Gell's Gravitas          Tloc           8%         N/A       100%        3
 Lesser Beckoning         Tloc           8%         N/A       100%        3
 Teleport Other           Tloc           8%         N/A       100%        3
 Manifold Assault         Tloc           8%         N/A       100%        5

Inventory:

Hand Weapons
 g - a +0 mace of draining
 Y - a +0 hand axe (weapon)
Armour
 h - a +0 plate armour (worn)
Scrolls
 a - a scroll of enchant weapon {unknown}
 b - a scroll of immolation {unknown}
 d - a scroll of vulnerability {unknown}
 e - a scroll of teleportation {unknown}
 i - a scroll of brand weapon {unknown}
Potions
 c - a potion of berserk rage {unknown}
 f - 3 potions of curing {unknown}
 j - a potion of degeneration {unknown}

Dungeon Overview and Level Annotations

Branches:
Dungeon (2/15)

Altars:
Zin

Annotations:
D:2 Natasha


Message History

Pain shoots through your body!
You closely miss Jessica. Your kick misses Jessica.
Jessica is heavily wounded.
You hit Natasha. You hit the crimson imp. Natasha claws you.
Jessica casts a spell at you. Pain shoots through your body!
The crimson imp barely misses you.
Natasha drinks a potion.
Natasha is healed!
You hit Jessica. Your kick misses Jessica. You punch Jessica, but do no damage.
Jessica is almost dead.
You hit the kobold.
You kill the kobold!
You hit Natasha. You miss the crimson imp. Jessica hits you with a +0 club.
The crimson imp hits you but does no damage.
Jessica hits you but does no damage. Natasha casts a spell at you.
The magic dart hits you but does no damage.
You hit Jessica.
You kill Jessica!
You closely miss the crimson imp. You hit Natasha but do no damage.
The crimson imp hits you.
Natasha stares at you and mumbles some strange words.
You feel yourself slow down.
Your Armour skill increases to level 2!
You have reached level 4!
You feel clever.
You closely miss the crimson imp. Your kick misses the crimson imp.
You peck the crimson imp.
The crimson imp is moderately wounded.
You hit Natasha. You hit the rat but do no damage. The rat closely misses you.
The crimson imp hits you but does no damage.
Natasha claws you. The rat bites you but does no damage.
The crimson imp hits you but does no damage.
You hit the crimson imp but do no damage.
You peck the crimson imp, but do no damage.
The crimson imp is moderately wounded.
You closely miss Natasha. You closely miss the rat. Natasha claws you.
You die...

#. #.#.#..... ..#
##.##[. #.#.......
#..####.. ...##.........
......... .[..........>.
.!......# #.....#.....
........# #.....###..#
........# #....<#.....
......5h# #.....#.#..#
......r@# #.....#.#..#
......).# #.....#.#..#
........### ##.####.#...
..........# #......##.#
..........############..
..........#.....# .#
..........#.....######+#
..........#......^......
..........#.............


You could see Natasha, a crimson imp (summoned) and a rat.

Vanquished Creatures
  Jessica (D:2)
  An adder (D:2)
  A bat (D:1)
  3 endoplasms
  4 giant cockroaches
  3 goblins
  2 hobgoblins (D:1)
  4 jackals (D:1)
  3 kobolds
  A quokka (D:2)
  3 ball pythons
  A frilled lizard (D:2)
  2 rats (D:1)
29 creatures vanquished.

Notes
Turn   | Place    | Note
-------+----------+-------------------------------------------
     0 | D:1      | qw the Tengu Warper began the quest for the Orb.
     0 | D:1      | Reached XP level 1. HP: 12/12 MP: 4/4
     0 | D:1      | 0 ||| qw: Version: 0.1-a-89-g26bdef1
     0 | D:1      | 0 ||| qw: Game counter: 2261
     0 | D:1      | 0 ||| qw: Always use a shield: true
     0 | D:1      | 0 ||| qw: God list: Okawaru
     0 | D:1      | 0 ||| qw: Allow faded altars: false
     0 | D:1      | 0 ||| qw: Do Orc after D:15 true
     0 | D:1      | 0 ||| qw: Do second Lair branch before Depths: true
     0 | D:1      | 0 ||| qw: Lair rune preference: random
     0 | D:1      | 0 ||| qw: Plans: Normal
     0 | D:1      | 0 ||| PLANNING D:1-11
   307 | D:1      | Reached XP level 2. HP: 17/17 MP: 6/6
   315 | D:1      | 315 ||| DROPPING +0 club.
   316 | D:1      | 316 ||| DROPPING +0 mace.
   325 | D:1      | Found a faded altar of an unknown god.
   619 | D:1      | Reached skill level 3 in Axes
   857 | D:1      | 857 ||| Stepping ~*~*~tactically~*~*~ (stealth).
   923 | D:1      | 923 ||| Stepping ~*~*~tactically~*~*~ (stealth).
  1216 | D:1      | 1216 ||| UPGRADING to +0 plate armour.
  1226 | D:1      | 1226 ||| DROPPING +0 leather armour.
  1227 | D:1      | 1227 ||| DROPPING amulet of faith.
  1228 | D:1      | 1228 ||| READING scroll labelled JIKER SUPNESK.
  1229 | D:1      | 1229 ||| READING scroll labelled CIF TACO RESK.
  1230 | D:1      | 1230 ||| DROPPING scroll of blinking.
  1313 | D:2      | Reached XP level 3. HP: 21/21 MP: 7/7
  1315 | D:2      | Reached skill level 4 in Axes
  1324 | D:2      | Found a glowing silver altar of Zin.
  1433 | D:2      | 1433 ||| Stepping ~*~*~tactically~*~*~ (stealth).
  1435 | D:2      | 1435 ||| Stepping ~*~*~tactically~*~*~ (stealth).
  1562 | D:2      | Noticed Natasha
  1562 | D:2      | Noticed Jessica
  1572 | D:2      | Killed Jessica
  1572 | D:2      | HP: 5/21 [crimson imp[Natasha] (1)]
  1573 | D:2      | Reached XP level 4. HP: 6/26 MP: 8/8
  1573 | D:2      | HP: 1/26 [Natasha (5)]
  1574 | D:2      | Slain by Natasha

Levels and vault maps discovered:
D:1:      roderic_dead_forest, layout_loops_corners,
          ebering_ecumenical_altar_hall, bh_walls_and_bars
D:2:      layout_basic, basic_altar, columned_hall_lemuel,
          minmay_close_crescents, uniq_natasha, uniq_jessica

Skill      XL: |  1  2  3 |
---------------+----------+-----
Axes           | 3 4 |  4.0
Armour         | 2 |  2.7
Fighting       | |  2.0
Throwing       | |  1.0
Dodging        | |  2.1
Spellcasting   | |  2.0
Translocations | |  2.4

Action                   |  1- 3 |  4- 6 || total
-------------------------+-------+-------++-------
Melee: Hand axe          |    62 |     2 ||    64
       Kick              |    10 |       ||    10
       Peck              |     8 |     2 ||    10
       Punch             |     1 |       ||     1
Throw: Boomerang         |     7 |       ||     7
  Use: Scroll            |     2 |       ||     2
Armor: Leather armour    |     4 |       ||     4
       Plate armour      |    24 |     3 ||    27
Dodge: Dodged            |    23 |     1 ||    24

Table legend:
 A = Non-vault XP
 B = Vault XP
 C = Vault XP percentage of total XP
 D = Non-vault monster count
 E = Vault monster count
 F = Vault count percentage of total count
                 A         B        C        D         E       F
            +---------+---------+-------+---------+---------+-------
      Total |      62 |      37 |  37.4 |      28 |       1 |   3.4
            +---------+---------+-------+---------+---------+-------
        D:1 |      31 |       0 |   0.0 |      17 |       0 |   0.0
        D:2 |      31 |      37 |  54.4 |      11 |       1 |   8.3
            +---------+---------+-------+---------+---------+-------
